 Dungeon Crawl Stone Soup version 0.30.1-5-ged363bc7ee (webtiles) character file.

Game seed: 12706775077665929382

1040 H0rd4k the Cutter (level 8, -3/60 HPs)
             Began as a Human Artificer on Sept 19, 2023.
             Slain by a two-headed ogre
             ... wielding a +0 giant club
              (18 damage)
             ... on level 6 of the Dungeon.
             The game lasted 00:06:38 (4995 turns).

H0rd4k the Cutter (Human Artificer)                 Turns: 4995, Time: 00:06:39

Health: -3/60      AC:  5    Str: 13    XL:     8   Next: 49%
Magic:  8/8        EV: 12    Int: 13    God:
Gold:   361        SH:  0    Dex: 14    Spells: 7/7 levels left

rFire   . . .        H - +2 dagger (venom)
rCold   . . .        (no shield)
rNeg    . . .        b - +0 leather armour
rPois   .            (no helmet)
rElec   .            (no cloak)
rCorr   .            (no gloves)
SInv    .            n - +1 pair of boots
Will    .....        s - amulet of magic regeneration
Stlth   +            (no ring)
HPRegen 0.30/turn    (no ring)
MPRegen 0.51/turn

%: no passive effects
@: no status effects
A: no striking features
a: no special abilities


You were on level 6 of the Dungeon.
You visited 1 branch of the dungeon, and saw 6 of its levels.

You collected 361 gold pieces.

Inventory:

Hand Weapons
 a - a +0 club
 u - a +1 vampiric dagger
 B - a +1 flail of holy wrath
 H - a +2 dagger of venom (weapon)
Missiles
 p - 4 poisoned darts
Armour
 b - a +0 leather armour (worn)
 n - a +1 pair of boots (worn)
Magical Staves
 D - a staff of air
Jewellery
 s - an amulet of magic regeneration (around neck)
 z - a +4 ring of protection
 C - a ring of flight
 G - a ring of protection from cold
Wands
 c - a wand of flame (17) (quivered)
 d - a wand of charming (2)
 e - a wand of iceblast (1)
 t - a wand of paralysis (8)
Scrolls
 f - a scroll of amnesia
 h - 2 scrolls of immolation
 i - 6 scrolls of identify
 k - a scroll of silence {unknown}
 m - a scroll of brand weapon {unknown}
 o - a scroll of magic mapping
 q - a scroll of enchant weapon
 r - 4 scrolls of teleportation {unknown}
 y - a scroll of summoning {unknown}
Potions
 g - a potion of heal wounds {unknown}
 l - a potion of brilliance {unknown}
 v - a potion of flight {unknown}
 w - a potion of might {unknown}
 x - 3 potions of curing
 A - a potion of attraction {unknown}
 E - a potion of ambrosia {unknown}
 F - a potion of degeneration {unknown}


   Skills:
 + Level 4.1 Fighting
 + Level 5.8 Short Blades
 - Level 1.4 Maces & Flails
 - Level 2.0 Armour
 + Level 3.6 Dodging
 - Level 1.0 Stealth
 + Level 5.1 Evocations


You had 7 spell levels left.
You didn't know any spells.
Your spell library contained the following spells:

 Spells                   Type           Power      Damage    Failure   Level
 Ignite Poison            Fire/Tmut/Pois 0%         N/A       75%         3
 Sticky Flame             Conj/Fire      0%         2d3       98%         4
 Blade Hands              Tmut           0%         N/A       100%        5
 Irradiate                Conj/Tmut      0%         3d11      100%        5
 Dragon Form              Tmut           0%         N/A       100%        7
 Ignition                 Fire           0%         3d3       100%        8


Dungeon Overview and Level Annotations

Branches:
Dungeon (5/15)
 Temple: D:4-7

Altars:
Cheibriados
Hepliaklqana
Nemelex Xobeh
Ru
Sif Muna

Shops:
D:1 [   D:5 (


Message History

Your orc warrior hits the howler monkey with a +0 mace!
Your two-headed ogre barely misses the howler monkey.
Your two-headed ogre hits the howler monkey with a +0 giant spiked club!
The howler monkey dies!
Your orc warrior resists with some effort.
A kobold comes into view. It is wielding a +0 club.
A kobold comes into view. It is wielding a +0 short sword.
Unknown command.
As you read the scroll labelled ITOERU TEONG, it crumbles to dust.
It is a scroll of identify.
h - 2 scrolls of immolation Your orc warrior appears confused.
As you read the scroll labelled HEDUTY CICYFF, it crumbles to dust.
It is a scroll of amnesia.
You feel forgetful for a moment. The river rat barely misses you.
Your kobold hits the river rat but does no damage.
Your two-headed ogre hits the river rat with a +0 giant club!
The river rat dies!
As you read the scroll labelled XAYZXAHENI, it crumbles to dust.
It is a scroll of enchant armour.
Your +0 pair of boots glows green for a moment.
Something hits your orc warrior but does no damage.
Lightning courses through your orc warrior!
Your orc warrior dies!
The river rat bites you.
* * * LOW HITPOINT WARNING * * *
As you read the scroll labelled JUGOEN OT FEO, it crumbles to dust.
You feel aware of your surroundings.
You sensed 1 shop/portal.
It was a scroll of magic mapping.
The river rat barely misses you.
A kobold brigand comes into view.
It is wielding a +0 club and quivering poisoned darts.
As you read the scroll labelled BEUSEI YNIENEU, it crumbles to dust.
It is a scroll of enchant weapon.
Your +1 dagger of venom glows red for a moment.
The two-headed ogre is no longer charmed.
The river rat bites you but does no damage.
You hear some strange, mumbled words.
Your kobold appears confused.
The kobold closely misses you.
The two-headed ogre hits you with a +0 giant club!!
You die...

*,,,,,,,~~~,,,,,,,,,***
*,,,,...,,....,,,,*,,,,
****,...,.....,,,,,,***
**#..,.....*,>,*,,,*
#####K##K.#..,,,,,,*,,
##....K#.....##.,<,,,,,
##...?............,,,,*,
#.....KrOY.........,,,,,
#>.....@..K......$.....,
#.......†....>.........,
#......)†..............,
#.!...)...........$....,
#.....)...........)...,,
##..."..)........).#.#*.
##.....#..).......#.#..
###.....##............
*.....####............


You could see a two-headed ogre, a kobold brigand, a river rat, 3 kobolds, a
friendly sky beast (charmed, wandering) and a friendly kobold (charmed,
wandering, confused).

Vanquished Creatures
  Sigmund (D:4)
  Menkaure (D:4)
  A jelly (D:5)
  A hound (D:5)
  3 orc priests
  3 iguanas (D:5)
  An orc wizard (D:6)
  Robin (D:4)
  2 gnolls (D:6)
  9 adders
  An ufetubus (D:5)
  3 worms
  4 dart slugs
  15 orcs
  7 endoplasms
  3 giant cockroaches
  10 goblins
  12 hobgoblins
  6 jackals
  4 quokkas
  4 ball pythons
  2 bats (D:3)
  2 frilled lizards
  7 kobolds
  4 rats
  A spectral goblin (D:5)
108 creatures vanquished.

Vanquished Creatures (collateral kills)
  A phantom (D:6)
  A scorpion (D:6)
  A howler monkey (D:6)
  A gnoll bouda (D:6)
  2 gnolls (D:6)
  An adder (D:6)
  A river rat (D:6)
  3 orcs
  2 endoplasms
  A hobgoblin (D:2)
  A quokka (D:2)
  A ball python (D:6)
  A kobold (D:2)
  A rat (D:6)
18 creatures vanquished.

Vanquished Creatures (others)
  An orc warrior (D:6)
  A quokka (D:2)
2 creatures vanquished.

Grand Total: 128 creatures vanquished

Notes
Turn   | Place    | Note
-------+----------+-------------------------------------------
     0 | D:1      | H0rd4k the Human Artificer began the quest for the Orb.
     0 | D:1      | Reached XP level 1. HP: 15/15 MP: 1/1
   240 | D:1      | Reached XP level 2. HP: 21/21 MP: 2/2
   538 | D:1      | Found Deocofof's Armour Boutique.
   679 | D:1      | Reached XP level 3. HP: 23/26 MP: 3/3
  1391 | D:2      | Reached XP level 4. HP: 28/32 MP: 4/4
  1613 | D:2      | Reached skill level 1 in Maces & Flails
  2017 | D:3      | Reached XP level 5. HP: 27/37 MP: 5/5
  2104 | D:3      | Found a snail-covered altar of Cheibriados.
  2322 | D:3      | Reached skill level 1 in Short Blades
  3141 | D:3      | Reached XP level 6. HP: 40/44 MP: 6/6
  3245 | D:4      | Noticed Sigmund
  3294 | D:4      | Killed Sigmund
  3295 | D:4      | Reached XP level 7. HP: 51/51 MP: 7/7
  3663 | D:4      | Noticed Robin
  3757 | D:4      | Killed Robin
  3947 | D:4      | Found a sacrificial altar of Ru.
  3951 | D:4      | Found a shimmering blue altar of Sif Muna.
  3961 | D:4      | Found a sparkling altar of Nemelex Xobeh.
  4047 | D:4      | Noticed Menkaure
  4050 | D:4      | Killed Menkaure
  4165 | D:5      | Entered Level 5 of the Dungeon
  4633 | D:5      | Reached XP level 8. HP: 16/58 MP: 8/8
  4844 | D:5      | Found Ymuguej's Antique Weapon Shoppe.
  4858 | D:5      | Reached skill level 5 in Short Blades
  4915 | D:5      | Found a hazy altar of Hepliaklqana.
  4951 | D:5      | You fall into a shaft and drop 1 floor!
  4975 | D:6      | Noticed a two-headed ogre
  4976 | D:6      | HP: 1/60 [gnoll/+0 flail[a gnoll bouda] (7)]
  4985 | D:6      | Reached skill level 5 in Evocations
  4995 | D:6      | Slain by a two-headed ogre

Illustrated notes

Levels and vault maps discovered:
D:1:      lemuel_arrival_funnel, layout_loops_ring, serial_shops, shop
D:2:      layout_basic
D:3:      layout_loops_corners, amcnicky_altar_gilded
D:4:      layout_loops_ring, minmay_overflow_temple_star_quad, uniq_sigmund,
          uniq_robin, uniq_menkaure
D:5:      layout_loops_cross, nicolae_hepliaklqana_monster_ancestors,
          serial_shops, shop
D:6:      layout_rooms, portal_sewer_entry_a

Skill      XL: |  1  2  3  4  5  6  7  8 |
---------------+-------------------------+-----
Evocations     | 4 5 |  5.1
Maces & Flails | 1 |  1.4
Short Blades   | 2 3 4 5 |  5.8
Dodging        | 2 3 |  3.6
Fighting       | 2 3 4 |  4.1
Armour         | |  2.0
Stealth        | |  1.0

Action                     |  1- 3 |  4- 6 |  7- 9 || total
---------------------------+-------+-------+-------++-------
  Melee: Club              |   131 |       |       ||   131
         Punch             |     1 |     3 |     6 ||    10
         Dagger            |       |   242 |   215 ||   457
  Evoke: Wand              |    10 |     5 |    18 ||    33
    Use: Scroll            |       |       |     5 ||     5
         Potion            |       |       |     2 ||     2
   Stab: Sleeping          |     5 |       |     1 ||     6
         Paralysed         |       |     2 |       ||     2
 Armour: Leather armour    |    51 |    61 |    33 ||   145
  Dodge: Dodged            |    88 |   130 |   117 ||   335
